 Dungeon Crawl Stone Soup version 0.32-a0-913-g739538afd8 (webtiles) character file.

Game seed: 9469252649861295405

35366 Guivassao the Slicer (level 13, -12/75 HPs)
             Began as a Vine Stalker Fighter on Apr 8, 2024.
             Was the Champion of Okawaru.
             Killed from afar by a lindwurm (31 damage)
             ... with a blast of flame
             ... summoned by Kirke
             ... on level 4 of the Lair of Beasts on Apr 10, 2024.
             The game lasted 02:27:58 (16549 turns).

Guivassao the Slicer (Vine Stalker Fighter)        Turns: 16549, Time: 02:27:59

Health: -12/75     AC:  0    Str: 22    XL:     13   Next: 83%
Magic:  0/20       EV: 13    Int:  8    God:    Okawaru [******]
Gold:   1561       SH:  0    Dex: 16    Spells: 12/12 levels left

rFire   . . .        C - melded +10 quick blade "Daurut" {heavy, +Blink rElec Int+2}
rCold   . . .        Q - melded +0 tower shield "Qukaic Voups" {Int+2 SInv}
rNeg    . . .        h - melded +2 scale mail {rF+}
rPois   .            I - melded +2 hat
rElec   .            t - melded +0 cloak
rCorr   .            G - melded +1 pair of gloves {Stlth+}
SInv    .            W - melded +0 pair of boots
Will    +....        y - amulet of regeneration
Stlth   ++           M - melded +6 ring of strength
HPRegen 1.92/turn    b - melded ring of poison resistance
MPRegen 0.17/turn

%: guardian spirit
@: pig-form, studying Armour, very quick
A: fast, no casting, small, (fangs 3), regeneration 1, magic shield, (antimagic
bite), no potion heal 2
a: Renounce Religion, Heroism, Finesse, Duel


You were on level 4 of the Lair of Beasts.
You worshipped Okawaru.
Okawaru was exalted by your worship.
You were a filthy swine.
You visited 3 branches of the dungeon, and saw 17 of its levels.

You collected 1633 gold pieces.
You spent 72 gold pieces at shops.

Inventory:

Hand Weapons
 C - the +10 quick blade "Daurut" (melded) {heavy, +Blink rElec Int+2}
   (Okawaru gifted it to you on level 4 of the Lair of Beasts)

   Int+2:     It affects your intelligence (+2).
   rElec:     It insulates you from electricity.
   +Blink:    It lets you blink.
 L - a +6 short sword of venom
Missiles
 s - 2 throwing nets
 S - 5 silver javelins
Armour
 h - a +2 scale mail of fire resistance (melded)
 q - a +0 kite shield
 t - a +0 cloak (melded)
 G - a +1 pair of gloves of stealth (melded)
 I - a +2 hat (melded)
 P - a +2 tower shield
 Q - the +0 tower shield "Qukaic Voups" (melded) {Int+2 SInv}
   (Okawaru gifted it to you on level 4 of the Lair of Beasts)

   Int+2:     It affects your intelligence (+2).
   SInv:      It lets you see invisible.
 W - a +0 pair of boots (melded)
Jewellery
 b - a ring of poison resistance (melded)
 e - a ring of willpower
 f - a +5 ring of evasion
 r - a ring of positive energy
 y - an amulet of regeneration (around neck)
 M - a +6 ring of strength (melded)
 R - an amulet of reflection
Wands
 n - a wand of charming (8)
 w - a wand of flame (21)
 x - a wand of roots (9) (quivered)
 N - a wand of polymorph (5)
 U - a wand of digging (12)
 V - a wand of acid (6)
Scrolls
 c - a scroll of brand weapon {unknown}
 g - 5 scrolls of revelation {unknown}
 k - 7 scrolls of noise
 o - a scroll of fog {unknown}
 B - 6 scrolls of teleportation
 E - 4 scrolls of amnesia
 O - a scroll of enchant weapon {unknown}
 T - 2 scrolls of identify
 X - a scroll of poison {unknown}
 Y - 2 scrolls of fear
 Z - a scroll of torment {unknown}
Potions
 i - 3 potions of heal wounds
 j - 6 potions of curing
 l - a potion of cancellation
 m - 3 potions of haste
 p - 2 potions of mutation
 u - a potion of enlightenment
 z - a potion of attraction
 A - a potion of resistance
 D - 2 potions of berserk rage
 F - a potion of ambrosia
 H - 7 potions of lignification


   Skills:
 + Level 12.2 Fighting
 + Level 12.3 Short Blades
 + Level 12.1 Armour
 - Level 1.5 Dodging
 - Level 0.5 Stealth
 + Level 5.8 Shields
 - Level 8.7 Invocations


You had 12 spell levels left.
You didn't know any spells.
Your spell library contained the following spells:

 Spells                   Type           Power      Damage    Failure   Level
 Apportation              Tloc           0%         N/A       41%         1
 Magic Dart               Conj           0%         1d3       41%         1
 Necrotise                Necr           0%         1d4       41%         1
 Slow                     Hex            0%         N/A       41%         1
 Sting                    Conj/Alch      0%         1d3       41%         1
 Ensorcelled Hibernation  Hex/Ice        0%         N/A       54%         2
 Searing Ray              Conj           0%         2d4       54%         2
 Confusing Touch          Hex            0%         N/A       78%         3
 Hailstorm                Conj/Ice       0%         3d5       78%         3
 Passwall                 Erth           0%         N/A       78%         3
 Swiftness                Air            0%         N/A       78%         3
 Vampiric Draining        Necr           0%         2d6       78%         3
 Fulminant Prism          Conj/Alch      0%         3d5       99%         4
 Passage of Golubria      Tloc           0%         N/A       99%         4
 Yara's Violent Unravell  Hex/Alch       0%         3d3       100%        5
 Permafrost Eruption      Ice/Erth       0%         2x4d1     100%        6
 Summon Small Mammal      Summ           Unusable   N/A       N/A         1
 Summon Ice Beast         Ice/Summ       Unusable   N/A       N/A         3
 Tukima's Dance           Hex            Unusable   N/A       N/A         3
 Sculpt Simulacrum        Ice/Alch       Unusable   N/A       N/A         6

Dungeon Overview and Level Annotations

Branches:
Dungeon (11/15)            Temple (1/1) D:5            Lair (5/5) D:9
  Swamp (0/4) Lair:3       Spider (0/4) Lair:2          Orc (0/2) D:10
  Slime: Lair:4-5

Altars:
Ashenzari
Cheibriados
Dithmenos
Elyvilon
Fedhas
Gozag
Hepliaklqana
Kikubaaqudgha
Makhleb
Nemelex Xobeh
Okawaru
Qazlal
Ru
Sif Muna
Trog
Uskayaw
Vehumet
Wu Jian
Xom
Yredelemnul
Zin
The Shining One

Shops:
D:8 :   D:11 *

Portals:
Trove: D:11 (give +3 shadow dragon scales)

Annotations:
Lair:4 Kirke


Innate Abilities, Weirdness & Mutations

You are a filthy swine.
You move quickly.
Your equipment is almost entirely melded.
You are incapable of wielding weapons or throwing items.
You cannot cast spells.
((You have razor-sharp teeth.))
Your natural rate of healing is unusually fast.
When hurt, damage is shared between your health and your magic reserves.
((Your bite disrupts and absorbs the magic of your enemies.))
Potions cannot restore your health.


Message History

There is a stone staircase leading up, spattered with blood here.
You bite Kirke!
Kirke is lightly wounded.
A skyshark comes into view.
Kirke hits you!
You hit Kirke.
Kirke is lightly wounded.
Kirke closely misses you. The hog bites you. Kirke hits you!
You climb upwards.
There is a stone staircase leading down here.
You can't go up here!
The hog bites you!
You hit the hog.
The hog is lightly wounded.
The hog bites you.
You hit Kirke.
Kirke is lightly wounded.
The hog closely misses you.
Kirke points at you and mumbles some strange words.
You resist with some effort.
You bite Kirke!
Kirke is lightly wounded.
The hog misses you.
You hit Kirke.
Kirke is lightly wounded.
Kirke mumbles some strange words.
Kirke summons a lindwurm!
The hog closely misses you.
You hit Kirke.
Kirke is lightly wounded.
Kirke closely misses you. The hog bites you!
You completely miss Kirke.
Kirke is lightly wounded.
The lindwurm bites you!
The lindwurm claws you. x2; The hog bites you.
Kirke hits you! The hog bites you!
* * * LOW HITPOINT WARNING * * *
The lindwurm breathes flames at you. The blast of flame hits you!!!
You die...

..#...##.##..#..###..# ##
..##...#.##..#..###### #.
.###..##.##......## #.
.###..#..##......P# #.
.........#..##...## ##
#.##..............#
####..#....P##k..##
####.P.####P.h## #.P##
##@h.## ### #..# #†...##
##.## #..# #P..#.###.#.##
#### ##..##
##..##...###.###... #..#÷##
#..###.###........
##..÷.#####...###.##..###...
##............##.#...## ###P
#.#.####..P...........## #P
##### ##.##.###..P..#.#####


You could see Kirke, a lindwurm (summoned, catching breath) and a hog.

Vanquished Creatures
  Gastronok (Lair:2)
  A hydra (Lair:3)
  2 boulder beetles
  5 death yaks (Lair:4)
  A two-headed ogre (D:9)
  2 spriggan druids (Lair:3)
  2 lindwurms (Lair:2)
  A cyclops (D:11)
  An oklob plant (Lair:2)
  6 elephants
  2 black mambas
  2 kobold demonologists (D:10)
  10 cane toads
  A rime drake (Lair:1)
  7 komodo dragons
  2 polar bears
  A troll (D:10)
  2 hornets (Lair:3)
  11 blink frogs
  6 wyverns
  2 wraiths
  2 spriggans
  3 basilisks (Lair:1)
  31 yaks
  A hog (Lair:4)
  A warg (D:9)
  3 acid dragons
  Edmund (D:5)
  4 water moccasins
  3 ice beasts (D:6)
  An orc warrior (D:4)
  15 wolves
  4 black bears
  5 ogres
  4 centaurs
  4 phantoms
  21 kobold brigands
  A gnoll sergeant (D:8)
  10 bullfrogs
  6 scorpions
  16 wights
  2 troll zombies (D:10)
  A howler monkey (D:11)
  An electric eel (Lair:2)
  2 vampire bats (D:10)
  2 bombardier beetles
  3 hounds
  Crazy Yiuf (D:2)
  2 gnoll boudas
  5 orc priests
  5 jellies
  2 sleepcaps
  3 iguanas
  9 orc wizards
  4 ogre zombies (D:10)
  Robin (D:2)
  18 gnolls
  4 adders
  A shadow imp (D:6)
  2 white imps (D:6)
  3 dart slugs
  6 ribbon worms
  27 orcs
  8 ball pythons
  4 bats
  3 bat skeletons (D:10)
  2 bat zombies (D:10)
  7 endoplasms
  4 giant cockroaches
  7 hobgoblins
  3 jackals (D:1)
  28 kobolds
  3 quokkas
  5 frilled lizards
  2 gnoll skeletons (D:10)
  4 gnoll zombies (D:10)
  17 goblins
  2 orc skeletons (D:10)
  11 orc zombies (D:10)
  3 rats
421 creatures vanquished.

Notes
Turn   | Place    | Note
-------+----------+-------------------------------------------
     0 | D:1      | Guivassao the Vine Stalker Fighter began the quest for the
                  | Orb.
     0 | D:1      | Reached XP level 1. HP: 11/11 MP: 2/2
   132 | D:1      | Reached XP level 2. HP: 11/16 MP: 3/3
   179 | D:1      | Reached XP level 3. HP: 20/20 MP: 4/4
   817 | D:2      | Reached XP level 4. HP: 24/25 MP: 3/5
   846 | D:2      | Found a snail-covered altar of Cheibriados.
   915 | D:2      | Noticed Robin
   945 | D:2      | Killed Robin
  1129 | D:2      | You fall into a shaft and drop 1 floor!
  1130 | D:3      | Found a hide-covered altar of Uskayaw.
  1413 | D:3      | Reached XP level 5. HP: 29/29 MP: 6/6
  1607 | D:2      | Found a runed translucent door.
  1608 | D:2      | Noticed Crazy Yiuf
  1617 | D:2      | HP: 1/28 [Crazy Yiuf/+4 quarterstaff of chaos (2)]
  1618 | D:2      | Killed Crazy Yiuf
  1874 | D:3      | Found a basalt altar of Yredelemnul.
  1880 | D:3      | Found a glowing golden altar of the Shining One.
  1882 | D:3      | Noticed an angel
  2356 | D:3      | Found a bloodstained altar of Trog.
  2509 | D:4      | Reached XP level 6. HP: 27/33 MP: 5/7
  2535 | D:4      | Reached skill level 1 in Dodging
  2614 | D:4      | Noticed an orc warrior
  2633 | D:4      | HP: 1/33 [orc warrior/+0 long sword (6)]
  2636 | D:4      | Killed an orc warrior
  2637 | D:4      | Reached skill level 5 in Short Blades
  2638 | D:4      | Reached XP level 7. HP: 3/38 MP: 3/8
  2755 | D:4      | Found an ornate altar of the Wu Jian Council.
  2842 | D:4      | Identified the +2 flail of the Depths {elec, ^Drain Int+6
                  | SInv}
  3110 | D:4      | Found a stormy altar of Qazlal.
  3166 | D:5      | Entered Level 5 of the Dungeon
  3211 | D:5      | Found a staircase to the Ecumenical Temple.
  3239 | D:4      | Reached skill level 5 in Fighting
  3271 | D:5      | Gained mutation: You have razor-sharp teeth. [Vine Stalker
                  | growth]
  3271 | D:5      | Reached XP level 8. HP: 40/44 MP: 9/9
  3281 | Temple   | Entered the Ecumenical Temple
  3287 | Temple   | Became a worshipper of Warmaster Okawaru
  3368 | D:5      | Reached skill level 1 in Invocations
  3406 | D:5      | Identified the +4 war axe "Xiyg" {freeze, ^Contam +Blink
                  | rElec Str+3 Int+3}
  3423 | D:5      | Noticed Edmund
  3459 | D:5      | Killed Edmund
  4532 | D:6      | Reached * piety under Okawaru
  4696 | D:6      | Reached XP level 9. HP: 41/47 MP: 12/12
  5557 | D:6      | Reached ** piety under Okawaru
  6062 | D:7      | Reached skill level 5 in Invocations
  6676 | D:8      | Reached XP level 10. HP: 48/56 MP: 10/15
  6830 | D:8      | Reached *** piety under Okawaru
  6954 | D:7      | Identified a scroll of acquirement
  6954 | D:7      | Acquired a manual of Armour
  6959 | D:7      | HP: 2/56 [something (1)]
  7277 | D:8      | Found a snail-covered altar of Cheibriados.
  7449 | D:8      | Found a white marble altar of Elyvilon.
  7458 | D:8      | Found a sacrificial altar of Ru.
  7567 | D:8      | Found Utrayqoy's Book Shoppe.
  8181 | D:9      | Found a broken altar of Ashenzari.
  8252 | D:9      | Reached skill level 5 in Armour
  8853 | D:9      | Found a staircase to the Lair.
  8922 | D:9      | Noticed a two-headed ogre
  8939 | D:9      | Killed a two-headed ogre
  9075 | D:10     | Entered Level 10 of the Dungeon
  9170 | D:10     | Noticed a kobold demonologist
  9183 | D:10     | Noticed a smoke demon
  9200 | D:10     | Reached XP level 11. HP: 62/62 MP: 14/16
  9274 | D:10     | Found a staircase to the Orcish Mines.
  9640 | D:10     | Reached **** piety under Okawaru
  9667 | D:10     | Reached skill level 10 in Short Blades
 10135 | D:10     | Found an ancient bone altar of Kikubaaqudgha.
 10206 | D:10     | Found a blossoming altar of Fedhas.
 10435 | D:11     | Found a portal to a secret trove of treasure.
 10775 | D:11     | Noticed a boulder beetle
 10793 | D:11     | Killed a boulder beetle
 10793 | D:11     | Reached ***** piety under Okawaru
 11001 | D:11     | Reached skill level 10 in Fighting
 11044 | D:11     | Noticed a cyclops
 11051 | D:11     | Killed a cyclops
 11250 | D:11     | Found Doty's Assorted Antiques.
 11254 | D:11     | Bought a scroll of teleportation for 72 gold pieces
 11519 | Lair:1   | Entered Level 1 of the Lair of Beasts
 11662 | Lair:1   | Received a gift from Okawaru
 11739 | Lair:1   | Reached XP level 12. HP: 63/68 MP: 18/18
 12237 | D:9      | Received a gift from Okawaru
 13055 | Lair:1   | Reached skill level 10 in Armour
 13473 | Lair:2   | Noticed Gastronok
 13493 | Lair:2   | Killed Gastronok
 13621 | Lair:2   | Received a gift from Okawaru
 14156 | Lair:2   | Found a hole to the Spider Nest.
 14200 | Lair:2   | Reached XP level 13. HP: 74/74 MP: 20/20
 14494 | Lair:3   | Acquired 616 gold pieces
 15281 | Lair:3   | Found a staircase to the Swamp.
 15402 | Lair:3   | Received a gift from Okawaru
 15419 | Lair:3   | Reached skill level 5 in Shields
 16053 | Lair:4   | Reached ****** piety under Okawaru
 16054 | Lair:4   | Acquired the +10 quick blade "Daurut" {heavy, +Blink rElec
                  | Int+2}
 16054 | Lair:4   | Received a gift from Okawaru
 16055 | Lair:4   | Acquired the +0 tower shield "Qukaic Voups" {Int+2 SInv}
 16055 | Lair:4   | Received a gift from Okawaru
 16498 | Lair:5   | Entered Level 5 of the Lair of Beasts
 16515 | Lair:5   | Noticed Kirke
 16516 | Lair:5   | Received a gift from Okawaru
 16549 | Lair:4   | Killed from afar by a lindwurm

Illustrated notes

Levels and vault maps discovered:
D:1:      lightli_arrival_statuegarden, layout_loops_cross,
          hangedman_decor_clover_reticule
D:2:      layout_rooms, basic_altar, uniq_robin, uniq_crazy_yiuf_cottage
D:3:      layout_loops_ring, grunt_temple_overflow_holy_war,
          nicolae_overflow_crystal_walls, overflow_temple_1_default
D:4:      layout_rooms, mainiacjoe_overflow_paths, mainiacjoe_overflow_alcove_1
D:5:      layout_layer_cave, minmay_temple_entry_arrows, uniq_edmund
D:6:      layout_loops_ring, grunt_decor_clamped
D:7:      layout_basic, hangedman_abyss_or_decor_stabs, the_hattery
D:8:      layout_cave_pools, cheibriados_altar_1, mainiacjoe_overflow_swirl,
          serial_shops, nicolae_shop_hallway_plus
D:9:      layout_basic, mainiacjoe_overflow_concentric_impassable,
          erik_lair_orcish_takeover
D:10:     layout_roguey [special_room_kobold], kennysheep_vampire_church,
          lemuel_doored_altar, zombieorc1_lemuel, enter_bailey_2
D:11:     layout_basic, serial_shops, nicolae_shop_pleasant_corner_grove,
          nicolae_trove_entry_crossroad, dreamdust_princess_bridge
Temple:   hellmonk_temple_rainy
Lair:1:   layout_chaotic_city, serial_forest, infiniplex_forest_lined_2,
          infiniplex_forest_fountain, infiniplex_forest_lined_3,
          infiniplex_forest_lined_room_2, infiniplex_forest_corner_1,
          infiniplex_forest_lined_2, infiniplex_forest_clump_double,
          infiniplex_forest_corner_1
Lair:2:   layout_long_grid, nicolae_spider_entry_non_spiders,
          minmay_lair_oklob_items, ldierk_geyser, serial_bayou_ford_a,
          nicolae_lair_lindhole, uniq_gastronok
Lair:3:   layout_cellular_growth, mainiacjoe_swamp_entry_angry_trees,
          grunt_forest_stairs_clearing, grunt_megastairs_3
Lair:4:   layout_loops_ring, beast_lair_carwin_4
Lair:5:   due_jungle_book, layout_regular_city, minmay_slime_entry_jelly_boxes,
          serial_forest, infiniplex_forest_lined_room_3,
          infiniplex_forest_side_room, infiniplex_forest_clump_C,
          infiniplex_forest_lined_room_3, infiniplex_forest_end_1, uniq_kirke

Skill      XL: |  1  2  3  4  5  6  7  8  9 10 11 12 13 |
---------------+----------------------------------------+-----
Fighting       | 3 4 5 6 7 9 10 11 12 | 12.2
Short Blades   | 2 3 4 5 6 7 8 9 10 11 12 | 12.3
Dodging        | 1 |  1.5
Invocations    | 3 5 7 8 |  8.7
Armour         | 6 8 10 12 | 12.1
Shields        | 3 5 |  5.8
Stealth        | |  0.5

Action                     |  1- 3 |  4- 6 |  7- 9 | 10-12 | 13-15 || total
---------------------------+-------+-------+-------+-------+-------++-------
  Melee: Rapier            |   105 |   130 |       |       |       ||   235
         Bite              |    31 |    62 |   209 |   557 |   172 ||  1031
         Short sword       |       |    90 |   546 |  1261 |   336 ||  2233
         Quick blade       |       |       |       |       |    32 ||    32
         Unarmed           |       |       |       |       |     8 ||     8
 Invoke: Heroism           |       |       |     1 |    11 |       ||    12
         Receive Weapon    |       |       |       |       |     1 ||     1
         Receive Armour    |       |       |       |       |     1 ||     1
  Evoke: Wand              |       |       |     1 |     8 |     2 ||    11
    Use: Potion            |       |     2 |       |     4 |       ||     6
         Scroll            |       |     3 |     1 |    17 |     7 ||    28
   Stab: Sleeping          |       |       |       |     1 |       ||     1
 Armour: Scale mail        |    81 |       |   298 |   736 |   187 ||  1302
         Chain mail        |     9 |   193 |    48 |       |       ||   250
         Skin              |       |       |       |       |    13 ||    13
  Dodge: Dodged            |    34 |    58 |   124 |   399 |    85 ||   700
  Block: Buckler           |    25 |    62 |     2 |       |       ||    89
         Kite shield       |       |       |   174 |   382 |       ||   556
         Tower shield      |       |       |       |   223 |   226 ||   449

Table legend: (Time is in decaauts)
 A = Elapsed time spent in this place.
 B = Non-inter-level travel time spent in this place.
 C = Inter-level travel time spent in this place.
 D = Time resting spent in this place.
 E = Time spent auto-exploring this place.
 F = Levels seen in this place.
 G = Mean time per level.
                   A        B        C        D        E       F      G
               +--------+--------+--------+--------+--------+-----+--------+
         Total |  15963 |  14714 |   1249 |    994 |  10106 |  17 |  939.0 |
       Dungeon |  11372 |  10424 |    948 |    857 |   7052 |  11 | 1033.8 |
        Temple |     12 |      2 |     10 |      0 |      0 |   1 |   12.0 |
          Lair |   4578 |   4287 |    291 |    137 |   3054 |   5 |  915.6 |
               +--------+--------+--------+--------+--------+-----+--------+

Top non-repeatable levels by time:
     D:6: 1396 daAuts
  Lair:2: 1341 daAuts
     D:5: 1252 daAuts
     D:8: 1239 daAuts
  Lair:1: 1184 daAuts
    D:10: 1164 daAuts
     D:9: 1132 daAuts
  Lair:3: 1105 daAuts
    D:11: 1065 daAuts
     D:3: 1012 daAuts
  Lair:4: 917 daAuts
     D:7: 913 daAuts
     D:2: 761 daAuts
     D:1: 735 daAuts
     D:4: 698 daAuts
